AoeStats
← 9miniUzzi

Arabia

510254989Analyzed
4v4 RM · 2d ago on Sep 30, 2026· 57m 36s· 8 players
Game mode
Random Map
Map size
Large (8 player)
Population
200
Speed
Normal
Resources
Standard
Victory
Conquest
Starting age
Dark Age
Ending age
Imperial Age
RankedLock teamsTeams togetherTeam positionsShared explorationLock speedFull tech treeHidden civsTurbo modeCheats
Victory
Defeat
🇨🇴 Bengalis · Colombia
1051
+11
🇲🇽 Hindustanis · Mexico
1038
+11
🇲🇽 Franks · Mexico
1006
+12
🇲🇽 Burgundians · Mexico
987
+13
🇦🇷 Britons · Argentina
966
-13
🇨🇳 Celts · China
957
-13
🇨🇳 Spanish · China
917
-11
🇵🇪 Vietnamese · Peru
874
-10
XIXXIXXI
1:57 Loom
11:08 Feudal Age
14:06 Wheelbarrow
16:46 Forging
16:37 Scale Mail Armor
22:14 Castle Age
20:36 Double-Bit Axe
21:03 Stone Mining
22:07 Horse Collar
22:20 Pikeman
24:50 Town Watch
25:21 Gold Mining
26:20 Bow Saw
26:46 Heavy Plow
28:34 Murder Holes
31:00 Fletching
54:32 Hand Cart
Séneca
6:52 Loom
9:21 Feudal Age
9:49 Double-Bit Axe
9:54 Horse Collar
19:04 Fletching
20:09 Wheelbarrow
23:24 Castle Age
22:27 Gold Mining
24:35 Crossbowman
25:13 Bodkin Arrow
26:56 Bow Saw
32:17 Pikeman
32:58 Squires
33:21 Forging
33:11 Scale Mail Armor
35:48 Imperial Age
35:58 Halberdier
39:34 Conscription
41:50 Onager
45:47 Bracer
45:48 Padded Archer Armor
46:24 Iron Casting
45:13 Elite Longbowman
47:49 Chain Mail Armor
CyberNinjaX
10:57 Feudal Age
12:16 Wheelbarrow
13:33 Double-Bit Axe
13:46 Horse Collar
24:42 Castle Age
25:35 Bow Saw
25:44 Hand Cart
25:39 Loom
26:08 Heavy Plow
26:37 Town Watch
28:23 Town Patrol
35:22 Imperial Age
33:28 Pikeman
36:24 Forging
36:15 Scale Mail Armor
38:18 Iron Casting
鳄鱼你不睡觉
13:00 Feudal Age
13:48 Double-Bit Axe
19:18 Castle Age
20:53 Wheelbarrow
24:27 Fervor
25:12 Hand Cart
27:01 Bow Saw
26:33 Horse Collar
28:05 Heavy Plow
27:58 Stone Mining
29:49 Husbandry
29:59 Bloodlines
29:43 Fletching
29:54 Padded Archer Armor
33:14 Imperial Age
32:53 Bodkin Arrow
33:40 Stone Shaft Mining
33:53 Pikeman
34:34 Squires
36:15 Two-Man Saw
35:50 Forging
35:41 Bracer
35:57 Leather Archer Armor
35:42 Scale Mail Armor
35:07 Light Cavalry
36:22 Halberdier
38:54 Conscription
41:45 Chemistry
43:07 Masonry
43:18 Ballistics
44:54 Architecture
44:10 Arrowslits
44:36 Fortified Wall
46:42 Iron Casting
46:23 Chain Mail Armor
46:40 Ring Archer Armor
51:17 Hussar
54:56 Blast Furnace
54:27 Plate Mail Armor
54:19 Gold Mining
56:59 Scale Barding Armor
CyberMendigo
7:18 Loom
9:52 Feudal Age
11:26 Double-Bit Axe
23:29 Castle Age
23:10 Forging
23:05 Scale Barding Armor
23:45 Wheelbarrow
25:02 Bow Saw
25:25 Chain Barding Armor
25:46 Iron Casting
26:08 Husbandry
30:36 Hand Cart
35:14 Gold Mining
35:15 Stone Mining
37:45 Gold Shaft Mining
42:36 Imperial Age
43:21 Cavalier
44:39 Plate Barding Armor
45:14 Blast Furnace
44:47 Paladin
53:27 Chivalry
53:48 Conscription
56:13 Chemistry
55:33 Ballistics
55:04 Guard Tower
54:59 Arrowslits
55:20 Siphons
55:26 Fortified Wall
55:11 Murder Holes
54:58 Treadmill Crane
55:53 Sanctity
56:10 Theocracy
55:47 Fervor
55:56 Light Cavalry
56:39 Padded Archer Armor
56:40 Scale Mail Armor
56:30 Fletching
56:05 Man-at-Arms
56:31 Gambesons
56:46 Squires
56:33 Arson
56:08 Pikeman
56:53 Devotion
9miniUzzi
10:34 Feudal Age
14:14 Loom
16:53 Castle Age
16:00 Double-Bit Axe
15:58 Horse Collar
18:29 Bow Saw
18:21 Heavy Plow
23:57 Wheelbarrow
26:10 Bloodlines
26:00 Husbandry
25:21 Light Cavalry
26:11 Scale Barding Armor
26:17 Forging
26:26 Hand Cart
26:00 Town Watch
30:58 Chain Barding Armor
31:14 Iron Casting
33:00 Gold Mining
33:03 Stone Mining
38:14 Imperial Age
35:45 Town Patrol
36:31 Fletching
36:42 Padded Archer Armor
36:43 Scale Mail Armor
39:55 Two-Man Saw
39:33 Gold Shaft Mining
39:35 Stone Shaft Mining
39:37 Plate Barding Armor
40:03 Blast Furnace
38:59 Bodkin Arrow
38:27 Heavy Camel Rider
38:27 Hussar
40:23 Imperial Camel Rider
44:20 Shatagni
44:23 Grand Trunk Road
44:44 Conscription
44:35 Grand Trunk Road
44:56 Conscription
46:38 Caravan
47:08 Coinage
48:05 Chemistry
47:26 Ballistics
48:36 Leather Archer Armor
48:22 Bracer
48:30 Thumb Ring
48:52 Elite Ghulam
50:08 Hoardings
51:11 Ring Archer Armor
52:36 Chain Mail Armor
Woodschino
5:54 Double-Bit Axe
6:41 Loom
10:29 Gold Mining
13:26 Feudal Age
13:22 Wheelbarrow
12:46 Stone Mining
14:26 Bow Saw
14:59 Gold Shaft Mining
17:39 Horse Collar
18:21 Hand Cart
19:56 Heavy Plow
22:03 Stone Shaft Mining
26:00 Castle Age
24:27 Scale Barding Armor
25:27 Forging
28:11 Two-Man Saw
26:35 Cavalier
27:16 Husbandry
30:33 Iron Casting
31:44 Chain Barding Armor
31:54 Light Cavalry
33:39 Crop Rotation
41:24 Imperial Age
43:21 Plate Barding Armor
43:47 Blast Furnace
43:27 Paladin
43:32 Hussar
46:36 Conscription
46:42 Burgundian Vineyards
49:52 Padded Archer Armor
49:43 Fletching
50:50 Leather Archer Armor
50:07 Elite Skirmisher
50:11 Crossbowman
52:42 Chemistry
52:03 Ballistics
51:24 Treadmill Crane
KYNTERO
7:56 Loom
11:34 Feudal Age
18:40 Castle Age
18:31 Double-Bit Axe
18:29 Horse Collar
28:16 Bloodlines
30:48 Fletching
34:42 Heavy Plow
37:43 Imperial Age
38:23 Wheelbarrow
37:34 Town Watch
39:08 Crop Rotation
38:53 Bow Saw
40:15 Conscription
42:14 Scale Barding Armor
42:20 Forging
42:46 Elite Battle Elephant
46:48 Gold Mining
46:49 Stone Mining
48:56 Hand Cart
48:42 Town Patrol
50:00 Elite Skirmisher
52:29 Elite Ratha (Ranged)
52:38 Light Cavalry
54:09 Padded Archer Armor
54:04 Bodkin Arrow
54:45 Iron Casting
56:26 Gold Shaft Mining
58:50 Two-Man Saw
Connection lost

Rejoining the realm…

Still unreachable

The connection could not be restored.

Session expired

The server has moved on; the page needs a fresh start.